AoeStats
← [KMNB] Bandeira

Lombardia

509863338Analyzed
2v2 RM · 4d ago on Sep 28, 2026· 17m 36s· 4 players
Game mode
Random Map
Map size
Medium (4 player)
Population
200
Speed
Normal
Resources
Standard
Victory
Conquest
Starting age
Dark Age
Ending age
Imperial Age
RankedLock teamsTeams togetherTeam positionsShared explorationLock speedFull tech treeHidden civsTurbo modeCheats
Victory
Defeat
🇧🇷 Magyars · Brazil
1571
+14
🇧🇷 Saracens · Brazil
1524
+16
🇦🇺 Hindustanis · Australia
1523
-15
🇪🇸 Poles · Spain
1514
-15
Phenytoin
8:01 Loom
10:13 Feudal Age
15:31 Castle Age
13:39 Double-Bit Axe
14:34 Horse Collar
15:08 Scale Mail Armor
MISTER COLLEJAS
6:43 Loom
8:59 Feudal Age
12:15 Wheelbarrow
12:45 Double-Bit Axe
14:29 Horse Collar
[KMNB] Galodoido
8:31 Feudal Age
8:50 Loom
14:17 Fletching
15:30 Double-Bit Axe
[KMNB] Bandeira
6:51 Loom
9:44 Feudal Age
11:11 Double-Bit Axe
14:39 Horse Collar
16:03 Scale Barding Armor
Connection lost

Rejoining the realm…

Still unreachable

The connection could not be restored.

Session expired

The server has moved on; the page needs a fresh start.